Description

adsfasdfasdfasdfsdfadsfa

Build Order

Get SALT Encoding   

  12  0:01  SCV  
  13  0:13  SCV  
  14  0:17  Supply Depot  
  14  0:25  SCV  
  15  0:39  SCV  
  15  0:41  Barracks  
  16  0:45  Refinery  
  16  0:51  SCV  
  17  1:03  SCV  
  18  1:15  SCV  
  19  1:29  Reaper, Orbital Command  
  20  1:40  Command Center  
  20  1:49  Refinery  
  20  1:56  SCV  
  21  2:00  Barracks Tech Lab  
  22  2:01  Supply Depot  
  22  2:08  SCV  
  20  2:04  Factory  
  23  2:20  SCV  
  26  2:40  Cyclone, Starport  
  26  2:55  Orbital Command  
  31  3:20  Medivac  
  31  3:25  Cyclone  
  37  3:34  Supply Depot  
  41  3:49  Supply Depot  
  48  3:50  Cyclone, Concussive Shells, Viking  either another viking if they are going starport or bunker and 2x cyclone and tanks if they go mass clones
  50  3:55  Command Center  
  50  4:15  Refinery x2  
  55  4:31  Cyclone  
  55  4:35  Factory, Barracks Tech Lab  
  61  4:44  Supply Depot  
  61  5:00  Armory x2  
  61  5:10  Starport Reactor  
  68  5:40  Terran Vehicle And Ship Armor Level 1, Terran Vehicle Weapons Level 1  
  70  6:00  Factory x2  
  71  6:02  Hellion x2  
  60  6:18  Thor x2  
  73  6:27  Medivac  
  65  6:13  Orbital Command  
  73  6:27  Medivac, Refinery  
  68  5:27  Orbital Command  
  73  6:27  Refinery  
  78  6:38  Armory  
  90  7:01  Siege Tank  
  94  7:12  Siege Tank  
  102  7:22  Viking  
  106  7:26  Terran Vehicle And Ship Armor Level 1  
  107  7:32  Factory  
  108  7:37  Siege Tank  
  116  7:51  Siege Tank  
  118  8:01  Viking  
  124  8:09  Siege Tank  
  129  8:23  Siege Tank  
  136  8:38  Factory Tech Lab x2  
  140  8:41  Siege Tank  
  140  8:42  Command Center  
  143  8:55  Siege Tank  
  146  9:13  Thor  
  146  9:15  Engineering Bay  
  153  9:19  Terran Vehicle Weapons Level 2  
  153  9:21  Terran Vehicle And Ship Armor Level 2  
  153  9:22  Siege Tank x2  
  166  9:34  Refinery x2  
  166  9:44  Viking x2  
Spawning Tool Build Advisor. Get it on Overwolf

Go to:

Details

  • Created by: thedeadlymedic
  • Published on: Jun 05, 2018
  • Modified on: Jun 05, 2018
  • Patch: 4.0.0
Show
View Real Time Build Order
Export as new Build Order

Comments (0)

There are no comments. Be the first!

Create an account to comment!